2856 views
Uploaded 2020-04-12 07:45:25
Game version 1.32 / 1.32.1
18:48 long 1on1 ladder game on (4)TurtleRock
Saved by Ouarf
2856 views
Uploaded 2020-04-12 07:45:25
Game version 1.32 / 1.32.1
18:48 long 1on1 ladder game on (4)TurtleRock

24 units @ 4.7k
/ 0.8k
15 buildings @ 2.4k
/ 0.8k


| Rod of Necromancy | 1 | 150 |
| Potion of Healing | 2 | 300 |
| Scroll of Town Portal | 1 | 350 |
| total: | 4 | 800g |
| Acolyte | 2 | 150 | / | 0 |
| Ghoul | 2 | 240 | / | 0 |
| Crypt Fiend | 18 | 3870 | / | 720 |
| Obsidian Statue | 2 | 400 | / | 70 |
| total: | 24 | 4660g | / | 790w |
| Nerubian Tower | 2 | 200 | / | 40 |
| Spirit Tower | 1 | 145 | / | 40 |
| Ziggurat | 8 | 1200 | / | 400 |
| Altar of Darkness | 2 | 360 | / | 100 |
| Crypt | 1 | 200 | / | 50 |
| Tomb of Relics | 1 | 130 | / | 30 |
| Graveyard | 1 | 215 | / | 0 |
| Slaughterhouse | 2 | 280 | / | 270 |
| Halls of the Dead | 2 | 640 | / | 420 |
| Black Citadel | 1 | 325 | / | 230 |
| total: | 15 | 2385g | / | 850w |
| 0:04 | Acolyte |
| 0:04 | Acolyte |
| 0:10 | Ziggurat |
| 0:11 | Altar of Darkness |
| 0:14 | Altar of Darkness |
| 0:38 | Crypt |
| 1:01 | Tomb of Relics |
| 1:30 | Ziggurat |
| 1:36 | Graveyard |
| 1:40 | Ghoul |
| 1:41 | Ghoul |
| 2:07 | Ziggurat |
| 2:14 | Unholy Aura |
| 2:17 | Rod of Necromancy |
| 2:51 | Nerubian Tower |
| 2:59 | Crypt Fiend |
| 2:59 | Crypt Fiend |
| 3:38 | Halls of the Dead |
| 4:20 | Crypt Fiend |
| 4:21 | Crypt Fiend |
| 4:44 | Death Coil |
| 5:11 | Ziggurat |
| 5:14 | Spirit Tower |
| 5:58 | Ziggurat |
| 6:46 | Crypt Fiend |
| 6:46 | Crypt Fiend |
| 7:09 | Frost Nova |
| 7:38 | Crypt Fiend |
| 7:42 | Slaughterhouse |
| 7:45 | Crypt Fiend |
| 8:02 | Slaughterhouse |
| 8:36 | Crypt Fiend |
| 8:47 | Unholy Aura |
| 8:48 | Unholy Aura |
| 9:45 | Crypt Fiend |
| 9:45 | Crypt Fiend |
| 9:59 | Ziggurat |
| 10:01 | Ziggurat |
| 10:03 | Black Citadel |
| 10:21 | Web |
| 10:24 | Creature Attack |
| 10:42 | Crypt Fiend |
| 10:48 | Creature Carapace |
| 10:48 | Improved Creature Carapace |
| 10:58 | Obsidian Statue |
| 11:30 | Death Coil |
| 11:57 | Crypt Fiend |
| 12:32 | Scroll of Town Portal |
| 12:35 | Frost Armor |
| 13:09 | Obsidian Statue |
| 13:29 | Nerubian Tower |
| 13:42 | Ziggurat |
| 14:07 | Crypt Fiend |
| 14:10 | Frost Nova |
| 14:38 | Crypt Fiend |
| 15:09 | Crypt Fiend |
| 15:14 | Improved Creature Attack |
| 16:20 | Crypt Fiend |
| 16:57 | Crypt Fiend |
| 18:07 | Potion of Healing |
| 18:07 | Potion of Healing |
| Right click | 1213 |
| Select group | 1066 |
| Select | 200 |
| Build/train/purchase | 87 |
| Misc. action | 85 |
| Assign group | 57 |
| Chat | 31 |
| Use ability | 30 |
| Esc | 3 |
| Item give/drop | 2 |
| Minimap ping | 1 |
39 units @ 5.6k
/ 0.7k
22 buildings @ 2.2k
/ 0.9k



| Scroll of Healing | 2 | 500 |
| Potion of Lesser Invulnerability | 2 | 300 |
| total: | 4 | 800g |
| Peasant | 8 | 600 | / | 0 |
| Footman | 6 | 810 | / | 0 |
| Rifleman | 7 | 1435 | / | 210 |
| Priest | 11 | 1485 | / | 110 |
| Sorceress | 1 | 155 | / | 20 |
| Mortar Team | 4 | 720 | / | 280 |
| Siege Engine | 2 | 390 | / | 120 |
| total: | 39 | 5595g | / | 740w |
| Altar of Kings | 1 | 180 | / | 50 |
| Farm | 15 | 1200 | / | 300 |
| Barracks | 1 | 160 | / | 60 |
| Blacksmith | 1 | 140 | / | 60 |
| Arcane Vault | 1 | 130 | / | 30 |
| Arcane Sanctum | 2 | 300 | / | 280 |
| Workshop | 1 | 140 | / | 140 |
| Keep | 2 | 640 | / | 420 |
| Castle | 3 | 1080 | / | 630 |
| total: | 22 | 2250g | / | 920w |
| 0:04 | Peasant |
| 0:04 | Peasant |
| 0:06 | Altar of Kings |
| 0:08 | Peasant |
| 0:23 | Farm |
| 0:24 | Barracks |
| 0:38 | Peasant |
| 0:53 | Farm |
| 1:08 | Peasant |
| 1:09 | Peasant |
| 1:18 | Peasant |
| 1:27 | Footman |
| 1:28 | Footman |
| 1:28 | Footman |
| 1:35 | Peasant |
| 1:48 | Footman |
| 2:01 | Footman |
| 2:12 | Summon Water Elemental |
| 2:37 | Keep |
| 2:47 | Blacksmith |
| 2:50 | Farm |
| 3:41 | Farm |
| 3:44 | Footman |
| 3:58 | Brilliance Aura |
| 4:23 | Rifleman |
| 4:50 | Rifleman |
| 4:59 | Arcane Sanctum |
| 5:07 | Long Rifles |
| 5:13 | Farm |
| 5:46 | Rifleman |
| 6:01 | Storm Bolt |
| 6:03 | Rifleman |
| 6:14 | Rifleman |
| 6:32 | Priest |
| 6:32 | Priest |
| 6:32 | Priest |
| 6:40 | Black Gunpowder |
| 7:27 | Priest |
| 7:37 | Farm |
| 7:41 | Priest Adept Training |
| 7:58 | Thunder Clap |
| 8:00 | Summon Water Elemental |
| 8:06 | Farm |
| 8:17 | Scroll of Healing |
| 8:19 | Potion of Lesser Invulnerability |
| 8:32 | Sorceress |
| 9:35 | Priest |
| 10:02 | Arcane Vault |
| 10:05 | Priest |
| 10:12 | Workshop |
| 10:16 | Refined Gunpowder |
| 10:31 | Castle |
| 10:32 | Castle |
| 10:35 | Farm |
| 11:01 | Farm |
| 11:29 | Rifleman |
| 11:30 | Sorceress Adept Training |
| 12:01 | Rifleman |
| 12:07 | Farm |
| 12:13 | Storm Bolt |
| 12:14 | Brilliance Aura |
| 12:22 | Mortar Team |
| 12:22 | Mortar Team |
| 12:26 | Farm |
| 12:54 | Farm |
| 14:03 | Scroll of Healing |
| 14:04 | Potion of Lesser Invulnerability |
| 14:13 | Holy Light |
| 14:18 | Siege Engine |
| 14:21 | Farm |
| 14:25 | Farm |
| 15:11 | Thunder Clap |
| 15:15 | Farm |
| 16:12 | Priest |
| 16:12 | Priest |
| 16:13 | Priest |
| 16:18 | Divine Shield |
| 16:26 | Priest Master Training |
| 16:30 | Arcane Sanctum |
| 16:32 | Siege Engine |
| 16:48 | Backpack |
| 18:36 | Priest |
| 18:37 | Priest |
| 18:38 | Mortar Team |
| 18:38 | Mortar Team |
| 18:45 | Bash |
| Right click | 526 |
| Select group | 380 |
| Select | 328 |
| Misc. action | 210 |
| Build/train/purchase | 96 |
| Assign group | 46 |
| Use ability | 18 |
| Item give/drop | 1 |